 Dungeon Crawl Stone Soup version 0.28-a0-447-g1f95980246 (webtiles) character file.

Game seed: 5656705848435624992

84 Sabo the Chopper (level 4, -1/41 HPs)
             Began as a Gnoll Cinder Acolyte on Sept 12, 2021.
             Was a High Priest of Ignis.
             Slain by a scorpion (6 damage)
             ... on level 3 of the Dungeon.
             The game lasted 00:11:28 (2939 turns).

Sabo the Chopper (Gnoll Cinder Acolyte)             Turns: 2939, Time: 00:11:29

Health: -1/41      AC:  3    Str: 15    XL:     4   Next: 45%
Magic:  8/8        EV:  8    Int: 13    God:    Ignis [*****.]
Gold:   105        SH:  6    Dex:  7    Spells: 9/9 levels left

rFire   + . .      SeeInvis .   a - -1 hand axe (flame)
rCold   . . .      Faith    .   m - +0 kite shield
rNeg    . . .      Spirit   .   b - +0 robe
rPois   .          Reflect  .   h - +0 helmet
rElec   .          Harm     .   (no cloak)
rCorr   +          Rampage  .   (no gloves)
Will    .....                   (no boots)
Stlth   +.........              (no amulet)
HPRegen 0.13/turn               e - ring of resist corrosion
MPRegen 0.11/turn               (no ring)

@: no status effects
A: fangs 1, strong nose, distributed training
a: Renounce Religion, Sea of Fire, Foxfire Swarm, Rising Flame


You were on level 3 of the Dungeon.
You worshipped Ignis.
Ignis was extremely pleased with you.
You visited 1 branch of the dungeon, and saw 3 of its levels.

You collected 105 gold pieces.

Inventory:

Hand Weapons
 a - a -1 hand axe of flaming (weapon)
 j - a +0 hunting sling
Missiles
 c - 28 poisoned darts (quivered)
 g - 39 bolts
Armour
 b - a +0 robe (worn)
 h - a +0 helmet (worn)
 m - a +0 kite shield (worn)
Jewellery
 e - a ring of resist corrosion (left hand)
Scrolls
 f - a scroll of enchant armour {unknown}
 k - a scroll of blinking
 l - a scroll of fear {unknown}
Potions
 d - a potion of heal wounds {unknown}
 i - a potion of haste {unknown}
 n - a potion of resistance {unknown}


   Skills:
 + Level 6.6 Fighting
 + Level 1.1 Short Blades
 + Level 1.1 Long Blades
 + Level 6.6 Axes
 + Level 1.1 Maces & Flails
 + Level 1.1 Polearms
 + Level 1.1 Staves
 + Level 1.1 Slings
 + Level 1.1 Bows
 + Level 1.1 Crossbows
 + Level 1.1 Throwing
 + Level 1.1 Armour
 + Level 1.1 Dodging
 + Level 1.1 Stealth
 + Level 1.1 Shields
 + Level 1.1 Unarmed Combat
 + Level 3.0 Spellcasting
 + Level 0.9 Conjurations
 + Level 0.9 Hexes
 + Level 0.9 Summonings
 + Level 0.9 Necromancy
 + Level 0.9 Translocations
 + Level 0.9 Transmutations
 + Level 5.4 Fire Magic
 + Level 0.9 Ice Magic
 + Level 0.9 Air Magic
 + Level 0.9 Earth Magic
 + Level 0.9 Poison Magic
 + Level 1.2 Invocations
 + Level 1.1 Evocations


You had 9 spell levels left.
You didn't know any spells.
Your spell library contained the following spells:

 Spells                   Type           Power      Damage    Failure   Level
 Scorch                   Fire           32%        2d7       22%         2


Dungeon Overview and Level Annotations

Branches:
Dungeon (3/15)

Altars:
Ashenzari


Innate Abilities, Weirdness & Mutations

You have very sharp teeth.
Your uncanny sense of smell can sniff out nearby items.
Your experience applies equally to all skills.


Message History

A rat is nearby!
You see here a +0 club.
The rat bites you. The rat bites you but does no damage.
You hit the rat. You burn the rat.
You kill the rat!
You start resting.
HP restored.
You see here a +0 club.
You now have 105 gold pieces (gained 16).
Found 16 gold pieces.
A scorpion comes into view.
Found a trident.
You hit the scorpion but do no damage. The scorpion stings you.
You are poisoned.
The scorpion poisons you! The scorpion stings you.
You hit the scorpion. You burn the scorpion.
The scorpion is moderately wounded.
You feel very sick. The scorpion stings you.
You closely miss the scorpion.
The scorpion is moderately wounded.
You feel sick. You block the scorpion's attack. The scorpion stings you.
You hit the scorpion. You burn the scorpion.
The scorpion is severely wounded.
You feel sick. The scorpion barely misses you.
You barely miss the scorpion.
The scorpion is severely wounded.
You feel sick. The scorpion stings you. x2
* * * LOW HITPOINT WARNING * * *
You barely miss the scorpion.
The scorpion is heavily wounded.
You feel sick.
You are no longer poisoned.
The scorpion stings you.
* * * LOW HITPOINT WARNING * * *
You hit the scorpion but do no damage.
The scorpion is heavily wounded.
The scorpion completely misses you. The scorpion stings you.
You die...

############
#..........###
#.##.......).##
#.##.#######..# ###
#.##..........###
...).###.#..#.###.#)....
......s@....#.....#..###
.###.###.#..#.^_..#.....
#.#..#.....#.###.
#.#..#.###.#.###.
#$#..............
#.#..#######.###. ∆.....
...###. ### ##.##... #.
.##


You could see a scorpion.

Vanquished Creatures
  2 adders (D:2)
  2 worms (D:2)
  A dart slug (D:1)
  3 bats
  4 endoplasms
  2 giant cockroaches
  9 goblins
  7 hobgoblins
  3 quokkas
  6 ball pythons
  4 frilled lizards
  8 kobolds
  3 rats
54 creatures vanquished.

Notes
Turn   | Place    | Note
-------+----------+-------------------------------------------
     0 | D:1      | Sabo the Gnoll Cinder Acolyte began the quest for the Orb.
     0 | D:1      | Reached XP level 1. HP: 23/23 MP: 4/4
   287 | D:1      | Reached XP level 2. HP: 29/29 MP: 5/5
   942 | D:1      | Reached XP level 3. HP: 35/35 MP: 7/7
  1288 | D:2      | Found a faded altar of an unknown god.
  1346 | D:2      | Reached skill level 1 in Invocations
  1847 | D:2      | Reached skill level 1 in Short Blades
  1847 | D:2      | Reached skill level 1 in Long Blades
  1847 | D:2      | Reached skill level 1 in Maces & Flails
  1847 | D:2      | Reached skill level 1 in Polearms
  1847 | D:2      | Reached skill level 1 in Staves
  1847 | D:2      | Reached skill level 1 in Slings
  1847 | D:2      | Reached skill level 1 in Bows
  1847 | D:2      | Reached skill level 1 in Crossbows
  1847 | D:2      | Reached skill level 1 in Throwing
  1847 | D:2      | Reached skill level 1 in Armour
  1847 | D:2      | Reached skill level 1 in Dodging
  1847 | D:2      | Reached skill level 1 in Stealth
  1847 | D:2      | Reached skill level 1 in Shields
  1847 | D:2      | Reached skill level 1 in Unarmed Combat
  1847 | D:2      | Reached skill level 1 in Evocations
  1917 | D:2      | Reached XP level 4. HP: 36/41 MP: 8/8
  2808 | D:3      | Found a broken altar of Ashenzari.
  2930 | D:3      | Noticed a scorpion
  2939 | D:3      | Slain by a scorpion

Illustrated notes

Levels and vault maps discovered:
D:1:      dpeg_arrival_rooms_c, layout_loops_ring
D:2:      layout_basic, hellmonk_ecumenical_altar_blasted, minmay_octomino_j4
D:3:      layout_loops_ring, mainiacjoe_overflow_cross_hatched

Skill      XL: |  1  2  3  4 |
---------------+-------------+-----
Invocations    | 1 |  1.2
Short Blades   | 1 |  1.1
Long Blades    | 1 |  1.1
Maces & Flails | 1 |  1.1
Polearms       | 1 |  1.1
Staves         | 1 |  1.1
Slings         | 1 |  1.1
Bows           | 1 |  1.1
Crossbows      | 1 |  1.1
Throwing       | 1 |  1.1
Armour         | 1 |  1.1
Dodging        | 1 |  1.1
Stealth        | 1 |  1.1
Shields        | 1 |  1.1
Unarmed Combat | 1 |  1.1
Evocations     | 1 |  1.1
Spellcasting   | 3 |  3.0
Fighting       | |  6.6
Axes           | |  6.6
Conjurations   | |  0.9
Hexes          | |  0.9
Summonings     | |  0.9
Necromancy     | |  0.9
Translocations | |  0.9
Transmutations | |  0.9
Fire Magic     | |  5.4
Ice Magic      | |  0.9
Air Magic      | |  0.9
Earth Magic    | |  0.9
Poison Magic   | |  0.9

Action                   |  1- 3 |  4- 6 || total
-------------------------+-------+-------++-------
Melee: Hand axe          |   123 |    59 ||   182
       Bite              |     7 |     3 ||    10
  Use: Scroll            |       |     1 ||     1
Armor: Robe              |    27 |    10 ||    37
Dodge: Dodged            |    59 |    21 ||    80
Block: Kite shield       |       |    11 ||    11

Table legend: (Time is in decaauts)
 A = Elapsed time spent in this place.
 B = Non-inter-level travel time spent in this place.
 C = Inter-level travel time spent in this place.
 D = Time resting spent in this place.
 E = Time spent auto-exploring this place.
 F = Levels seen in this place.
 G = Mean time per level.
                   A        B        C        D        E       F      G
               +--------+--------+--------+--------+--------+-----+--------+
         Total |   2948 |   2948 |      0 |   1109 |      0 |   3 |  982.7 |
       Dungeon |   2948 |   2948 |      0 |   1109 |      0 |   3 |  982.7 |
               +--------+--------+--------+--------+--------+-----+--------+

Top non-repeatable levels by time:
     D:2: 1542 daAuts
     D:1: 1238 daAuts
     D:3: 166 daAuts
